 Dungeon Crawl Stone Soup version 0.23.2-1-ga50397a (webtiles) character file.

Game seed: 14724071336973340828

770 funkygono the Shield-Bearer (level 7, -1/61 HPs)
             Began as a Minotaur Fighter on May 18, 2019.
             Was a Follower of Okawaru.
             Killed by divine providence
             ... invoked by an orc priest
              (13 damage)
             ... on level 5 of the Dungeon.
             The game lasted 00:11:40 (4053 turns).

funkygono the Shield-Bearer (Minotaur Fighter)      Turns: 4053, Time: 00:11:41

Health: -1/61      AC: 12    Str: 23    XL:     7   Next: 52%
Magic:  6/6        EV:  8    Int:  5    God:    Okawaru [*.....]
Gold:   296        SH: 10    Dex:  9    Spells: 6/6 levels left

rFire    + + +     SeeInvis .   y - +0 flail (crush)
rCold    x . .     Gourm    .   c - +0 shield
rNeg     . . .     Faith    .   g - +1 fire dragon scales
rPois    .         Spirit   .   (helmet restricted)
rElec    .         Reflect  .   (no cloak)
rCorr    +         Harm     .   (no gloves)
MR       .....                  p - +0 pair of boots
Stlth    ..........             (no amulet)
HPRegen  0.20/turn              o - ring of protection from fire
MPRegen  0.10/turn              m - ring of resist corrosion

@: lethally poisoned (-1 -> -2)
A: retaliatory headbutt, horns 2
a: Heroism, Renounce Religion


You were on level 5 of the Dungeon.
You worshipped Okawaru.
Okawaru was aware of your devotion.
You were not hungry.

You visited 2 branches of the dungeon, and saw 6 of its levels.

You collected 296 gold pieces.

Inventory:

Hand Weapons
 y - a +0 flail of crushing (weapon)
 A - a +0 whip of flaming
Missiles
 i - 37 bolts
Armour
 b - a +0 scale mail
 c - a +0 shield (worn)
 g - +1 fire dragon scales (worn)
 p - a +0 pair of boots (worn)
Jewellery
 m - a ring of resist corrosion (right hand)
 o - a ring of protection from fire (left hand)
 x - a +2 ring of dexterity {unknown}
Wands
 v - a wand of flame (1)
 w - a wand of digging (6)
Scrolls
 e - 4 scrolls of teleportation
 k - a scroll of fear
 r - 4 scrolls of remove curse
 u - a scroll of magic mapping
 z - a scroll of identify
Potions
 d - a potion of might
 h - 3 potions of agility
 j - a potion of haste
 n - a potion of curing
 q - a potion of ambrosia {unknown}
 s - 2 potions of heal wounds
 t - a potion of degeneration {unknown}
Comestibles
 f - 12 rations
 l - 3 chunks of flesh


   Skills:
 + Level 5.3 Fighting
 + Level 6.1 Maces & Flails
 + Level 5.5 Armour
 + Level 2.0 Dodging
 + Level 0.6 Stealth
 + Level 6.4 Shields


You had 6 spell levels left.
You didn't know any spells.
Your spell library was empty.

Dungeon Overview and Level Annotations

Branches:
Dungeon (5/15)             Temple (1/1) D:4

Altars:
Ashenzari
Cheibriados
Elyvilon
Fedhas
Gozag
Hepliaklqana
Kikubaaqudgha
Makhleb
Nemelex Xobeh
Okawaru
Ru
Trog
Uskayaw
Vehumet
Wu Jian
Xom
Yredelemnul
Zin
The Shining One


Innate Abilities, Weirdness & Mutations

You reflexively headbutt those who attack you in melee.
You have a pair of horns on your head.


Message History

Pain shoots through your body!
Your fire dragon scales prevents you from hitting the orc priest.
You feel sick.
The orc priest mumbles some strange prayers to Beogh against you.
Beogh smites you!
You closely miss the orc priest. You headbutt the orc priest!
The orc priest is almost dead.
The orc priest calls down the wrath of Beogh upon you.
Beogh smites you!
* * * LOW HITPOINT WARNING * * *
The orc priest barely misses you.
You closely miss the orc priest. Your headbutt misses the orc priest.
The orc priest is almost dead.
The orc priest looks braver for a moment.
You closely miss the orc priest.
The orc priest is almost dead.
You feel sick.
The orc priest invokes the aid of Beogh against you.
Beogh smites you!
You die...

....#......#...............
....#....[.#......>........
....#......#...............
....#..##..###..###$..#
..#####
##+###+####...#####.. ..#
#................ ..#
#.................# ..#
+...o.............# ..#
####@##########...# .##
#.####.##.##...# .#
+.........#....# .#
#.........#....# .#
#.........#....# .#
#...##....)....# .#
######...)#....# .#
+...)#....# .# #....##...#


You could see an orc priest.

Vanquished Creatures
  Sigmund (D:2)
  Edmund (D:5)
  A crimson imp (D:3)
  A hound (D:4)
  2 orc priests
  4 orc wizards
  An iguana (D:3)
  4 gnolls (D:5)
  12 adders
  2 worms (D:2)
  2 dart slugs (D:3)
  3 leopard geckos
  9 orcs
  3 giant cockroaches (D:2)
  12 goblins
  10 hobgoblins
  7 jackals
  4 quokkas
  5 bats
  4 frilled lizards
  5 kobolds
  10 rats
103 creatures vanquished.

Notes
Turn   | Place    | Note
-------+----------+-------------------------------------------
     0 | D:1      | funkygono the Minotaur Fighter began the quest for the Orb.
     0 | D:1      | Reached XP level 1. HP: 19/19 MP: 0/0
   407 | D:1      | Reached XP level 2. HP: 27/27 MP: 1/1
   747 | D:2      | Reached XP level 3. HP: 21/33 MP: 2/2
   752 | D:2      | Reached XP level 4. HP: 11/41 MP: 3/3
  1019 | D:2      | Reached skill level 1 in Dodging
  1117 | D:2      | Noticed Sigmund
  1133 | D:2      | Killed Sigmund
  1133 | D:2      | Reached skill level 5 in Shields
  1133 | D:2      | Reached XP level 5. HP: 24/47 MP: 4/4
  1133 | D:2      | Reached XP level 6. HP: 28/55 MP: 5/5
  2164 | D:3      | Reached skill level 5 in Armour
  2186 | D:3      | Found a snail-covered altar of Cheibriados.
  2584 | D:3      | Reached skill level 5 in Fighting
  2688 | D:3      | Reached skill level 5 in Maces & Flails
  2779 | D:3      | Found a burning altar of Makhleb.
  2779 | D:3      | Found a radiant altar of Vehumet.
  2915 | D:4      | Found a staircase to the Ecumenical Temple.
  2956 | Temple   | Entered the Ecumenical Temple
  3019 | Temple   | Became a worshipper of Warmaster Okawaru
  3372 | D:4      | Reached XP level 7. HP: 61/61 MP: 6/6
  3515 | D:5      | Entered Level 5 of the Dungeon
  3828 | D:5      | Noticed Edmund
  3837 | D:5      | Killed Edmund
  4047 | D:5      | Reached * piety under Okawaru
  4053 | D:5      | Killed from afar by an orc priest

Skill      XL: |  1  2  3  4  5  6  7 |
---------------+----------------------+-----
Fighting       | 4 5 |  5.3
Shields        | 4 5 6 |  6.4
Armour         | 4 5 |  5.5
Maces & Flails | 4 5 6 |  6.1
Dodging        | 1 2 |  2.0
Stealth        | |  0.6

Action                   |  1- 3 |  4- 6 |  7- 9 || total
-------------------------+-------+-------+-------++-------
Melee: Flail             |    45 |   205 |    44 ||   294
       Headbutt          |     7 |    25 |     9 ||    41
  Use: Scroll            |     4 |     7 |       ||    11
  Eat: Chunk             |       |     8 |     2 ||    10
Armor: Fire dragon scale |    19 |    67 |    17 ||   103
       Scale mail        |     1 |       |       ||     1
Dodge: Dodged            |    12 |    60 |     8 ||    80
Block: Shield            |    18 |   111 |    14 ||   143
